 Dungeon Crawl Stone Soup version 0.27-a0-972-gd1521fd518 (webtiles) character file.

Game seed: 7254021646433462751

93072 Grimdewalt the Spry (level 16, -9/127 HPs)
             Began as a Djinni Earth Elementalist on Apr 13, 2021.
             Was the Champion of Makhleb.
             Mangled by a wolf spider (15 damage)
             ... on level 3 of the Spider Nest.
             The game lasted 01:11:00 (24859 turns).

Grimdewalt the Spry (Djinni Earth Elementalist)    Turns: 24859, Time: 01:11:01

Health: -9/127     AC:  6    Str:  7    XL:     16   Next: 7%
Gold:   471        EV: 26    Int: 26    God:    Makhleb [******] SH:  0 Dex: 22

rFire    + + +     SeeInvis .   C - +1 dagger (vamp)
rCold    + . .     Faith    .   (no shield)
rNeg     + . .     Spirit   .   H - +2 robe of Free Will {rPois rF+ Int+4}
rPois    ∞         Reflect  .   Y - -2 hat of the Alchemist {rElec rPois rF+ rC+ rN+ Will+ rMut rCorr}
rElec    +         Harm     .   y - +0 cloak
rCorr    +         Rampage  .   V - +2 pair of gloves {archery}
rMut     +                      (boots unavailable)
Will     ++...                  z - amulet of regeneration
Stlth    ++........             X - ring of protection from cold
HPRegen  1.31/turn              d - +6 ring of dexterity
MPRegen  0.00/turn

@: flying
A: fire resistance 2, cold vulnerability 1, float, innate caster, hp casting,
extra vitality 1
a: Renounce Religion, Minor Destruction, Lesser Servant of Makhleb, Major
Destruction, Greater Servant of Makhleb


You were on level 3 of the Spider Nest.
You worshipped Makhleb.
Makhleb was exalted by your worship.
You visited 5 branches of the dungeon, and saw 22 of its levels.

You collected 1975 gold pieces.
You spent 1504 gold pieces at shops.

Inventory:

Hand Weapons
 C - a +1 vampiric dagger (weapon)
Missiles
 b - 474 stones
 j - 6 throwing nets
 o - 4 boomerangs of dispersal
 v - 13 atropa-tipped darts
 J - 20 curare-tipped darts
 Q - 28 poisoned darts
Armour
 y - a +0 cloak (worn)
 H - the +2 robe of Free Will (worn) {rPois rF+ Int+4}
   (You bought it in a shop on level 2 of the Orcish Mines)

   It affects your intelligence (+4).
   It protects you from fire.
   It protects you from poison.
 M - a +2 tower shield
 V - a +2 pair of gloves of archery (worn)
 Y - the -2 hat of the Alchemist (worn) {rElec rPois rF+ rC+ rN+ Will+ rMut rCorr}
   (You found it on level 5 of the Lair of Beasts)

   It protects you from fire.
   It protects you from cold.
   It insulates you from electricity.
   It protects you from poison.
   It protects you from negative energy.
   It protects you from acid and corrosion.
   It protects you from mutation.
   It increases your willpower.
Magical Staves
 U - a staff of earth
Jewellery
 d - a +6 ring of dexterity (right hand)
 z - an amulet of regeneration (around neck)
 F - a +6 ring of dexterity
 P - an amulet of reflection
 X - a ring of protection from cold (left hand)
Wands
 a - a wand of paralysis (4)
 p - a wand of iceblast (37)
 G - a wand of flame (54)
 I - a wand of digging (7)
 S - a wand of charming (9)
Scrolls
 c - 2 scrolls of vulnerability
 g - a scroll of enchant armour {unknown}
 i - 4 scrolls of immolation
 n - a scroll of torment
 r - 13 scrolls of teleportation
 t - 5 scrolls of blinking
 u - 4 scrolls of magic mapping
 w - 6 scrolls of enchant weapon
 x - a scroll of silence
 E - a scroll of brand weapon
 L - 2 scrolls of fog
 O - 2 scrolls of fear
 T - a scroll of summoning
Potions
 e - 5 potions of curing {@q1}
 f - 3 potions of resistance
 h - 2 potions of might
 k - 4 potions of attraction
 m - a potion of haste {unknown}
 s - 2 potions of mutation {unknown}
 A - 2 potions of ambrosia {unknown}
 B - 2 potions of lignification
 D - 2 potions of magic {unknown}
 K - 4 potions of cancellation {unknown}
 N - 4 potions of heal wounds {unknown}
 R - 4 potions of flight {unknown}
 Z - a potion of brilliance {unknown}
Miscellaneous
 W - a condenser vane


   Skills:
 + Level 15.6 Fighting
 + Level 17.0 Dodging
 - Level 1.5 Stealth
 + Level 13.8 Spellcasting


You had 2 spell levels left.
You knew the following spells:

 Your Spells              Type           Power      Damage    Failure   Level
a - Sandblast             Erth           100%       2d20      0%          1
b - Passwall              Tmut/Erth      61%        N/A       0%          2
c - Stone Arrow           Conj/Erth      100%       3d13      1%          3
d - Petrify               Tmut/Erth      74%        N/A       1%          4
e - Lee's Rapid Deconstr  Erth           37%        3d19*     1%          5
f - Magic Dart            Conj           100%       1d8       0%          1
g - Wereblood             Tmut           74%        N/A       0%          2
h - Tukima's Dance        Hex            74%        N/A       1%          3
i - Frozen Ramparts       Ice            100%       1d12      1%          3
j - Metabolic Englaciati  Hex/Ice        37%        N/A       1%          5
k - Agony                 Necr           74%        N/A       1%          5
l - Simulacrum            Ice/Necr       37%        N/A       1%          6
Your spell library was empty.

Dungeon Overview and Level Annotations

Branches:
Dungeon (10/15)            Temple (1/1) D:5            Lair (6/6) D:8
 Shoals (0/4) Lair:2       Spider (3/4) Lair:3        Slime (0/5) Lair:6
    Orc (2/2) D:10            Elf (0/3) Orc:2

Altars:
Ashenzari
Elyvilon
Gozag
Hepliaklqana
Kikubaaqudgha
Makhleb
Nemelex Xobeh
Qazlal
Ru
Sif Muna
Uskayaw
Vehumet
Wu Jian
Yredelemnul
Jiyva

Shops:
Orc:2 (!?[


Innate Abilities, Weirdness & Mutations

You are immune to poison.
Your flesh is very heat resistant. (rF++)
You are vulnerable to cold. (rC-)
You float through the air rather than walking.
You learn spells naturally, not from books.
Your magical power is your life essence.
You have superior vitality. (+4 HP)


Message History

The jumping spider leaps!
The spectral wolf spider barely misses you.
The spectral wolf spider bites you.
The jumping spider leaps!
The jumping spider completely misses you. x2
The spectral wolf spider misses you. x2
The jumping spider completely misses you.
The jumping spider barely misses you.
The jumping spider completely misses you.
The jumping spider barely misses you. The spectral wolf spider hits you.
The spectral wolf spider bites you!
The spectral wolf spider completely misses you.
The spectral wolf spider closely misses you.
The jumping spider completely misses you.
The jumping spider misses you.
The spectral wolf spider barely misses you. x2
You see here a +0 pair of gloves.
The jumping spider leaps!
The spectral wolf spider barely misses you.
The spectral wolf spider closely misses you.
The spectral wolf spider hits you!
The spectral wolf spider bites you but does no damage.
The wolf spider barely misses you. The wolf spider completely misses you.
The spectral wolf spider hits you!
* * * LOW HITPOINT WARNING * * *
The spectral wolf spider bites you!
* * * LOW HITPOINT WARNING * * *
The spectral wolf spider passes through a web.
The spectral wolf spider hits you.
* * * LOW HITPOINT WARNING * * *
The spectral wolf spider barely misses you.
The spectral wolf spider passes through a web.
The jumping spider leaps!
The spectral wolf spider hits you but does no damage.
The spectral wolf spider bites you.
* * * LOW HITPOINT WARNING * * *
The wolf spider completely misses you. The wolf spider bites you!
* * * LOW HITPOINT WARNING * * *
The wolf spider zombie is caught in a web!
The spectral wolf spider barely misses you.
The spectral wolf spider bites you.
* * * LOW HITPOINT WARNING * * *
There is a stone staircase leading up here.
The spectral wolf spider completely misses you. x2
The wolf spider zombie pulls away from the web.
The spectral wolf spider hits you!
* * * LOW HITPOINT WARNING * * *
The spectral wolf spider completely misses you.
The wolf spider hits you!
You die...

#^.........
#..........
####..........
#..#..........
#.............
#.............
#..##....#.#..
##.....@...#...
#.....ZZsZ...^.
##.....ss)..###.
#......ZZZ..##
#............##
#.............##
##....(.[.......
#..........^.##
#......°...########


You could see 3 wolf spiders, 4 spectral wolf spiders and 2 wolf spider zombies.

Vanquished Creatures
  Arachne (Spider:2)
  2 entropy weavers
  10 hydras
  Erolcha (Orc:2)
  Harold (D:7)
  2 boulder beetles
  An ogre mage (Orc:2)
  3 two-headed ogres (Orc:2)
  A merfolk avatar (Lair:6)
  4 orc high priests
  Nergalle (Lair:3)
  A sea snake (Lair:6)
  4 orc knights
  9 orb spiders
  4 harpies
  17 wolf spiders
  5 orc sorcerers
  22 elephants
  5 black mambas
  Maurice (D:8)
  A torpor snail (Spider:2)
  17 cane toads
  Maggie (D:7)
  Psyche (D:8)
  4 rime drakes
  6 demonic crawlers
  9 komodo dragons
  18 jumping spiders
  7 polar bears
  2 wolf spider simulacra (Spider:3)
  5 hornets
  8 blink frogs
  A snapping turtle (Lair:2)
  5 dream sheep
  2 shadows
  17 tarantellas
  33 redbacks
  A dire elephant simulacrum (Lair:2)
  59 yaks
  3 wyverns
  Grum (D:10)
  5 basilisks
  Eustachio (D:6)
  2 steam dragons
  Menkaure (D:7)
  A warg (Orc:2)
  Duvessa (D:6)
  17 water moccasins
  2 hydra simulacra (Lair:2)
  2 sky beasts (D:5)
  2 black bears
  13 orc warriors
  A black mamba simulacrum (Lair:2)
  2 necrophages (D:4)
  4 ogres
  13 wolves
  11 centaurs
  A kobold brigand (D:9)
  Blork the orc (D:5)
  A wyvern zombie (D:8)
  15 bullfrogs
  Dowan (D:6)
  A water moccasin zombie (D:7)
  An electric eel (Spider:1)
  6 wights
  A rime drake simulacrum (Lair:2)
  3 centaur zombies
  14 orc priests
  A jelly (D:8)
  3 gnoll shamans
  Crazy Yiuf (D:4)
  2 hounds
  4 centaur skeletons
  An iguana (D:5)
  13 orc wizards
  3 killer bee zombies
  A bullfrog simulacrum (Lair:2)
  A basilisk simulacrum (Lair:2)
  A hound zombie (D:5)
  A hound skeleton (D:4)
  Robin (D:3)
  9 adders
  23 gnolls
  A white imp (D:7)
  3 ufetubi
  2 worms
  3 dart slugs
  43 orcs
  9 endoplasms
  5 giant cockroaches
  16 goblins
  12 hobgoblins
  4 jackals (D:1)
  4 quokkas
  7 ball pythons
  6 bats
  7 frilled lizards
  11 kobolds
  6 rats
  A spectral orc (D:3)
624 creatures vanquished.

Vanquished Creatures (collateral kills)
  A two-headed ogre (D:8)
  An orc warrior (D:7)
  A gnoll (D:8)
3 creatures vanquished.

Vanquished Creatures (others)
  A dancing weapon (D:6)
  3 orc wizards
  A bush (Lair:6)
  32 fungi
  45 plants
82 creatures vanquished.

Grand Total: 709 creatures vanquished

Notes
Turn   | Place    | Note
-------+----------+-------------------------------------------
     0 | D:1      | Grimdewalt the Djinni Earth Elementalist began the quest
                  | for the Orb.
     0 | D:1      | Reached XP level 1. HP: 15/15 MP: 0/0
   337 | D:1      | Reached XP level 2. HP: 20/22 MP: 0/0
   386 | D:1      | Reached skill level 1 in Fighting
   757 | D:1      | Reached XP level 3. HP: 25/27 MP: 0/0
   757 | D:1      | Learned a level 1 spell: Magic Dart
  2226 | D:2      | Reached skill level 3 in Dodging
  2494 | D:2      | Reached XP level 4. HP: 29/33 MP: 0/0
  3273 | D:2      | Found a stormy altar of Qazlal.
  4190 | D:3      | Reached XP level 5. HP: 35/39 MP: 0/0
  4190 | D:3      | Learned a level 2 spell: Wereblood
  4485 | D:3      | Noticed Robin
  4702 | D:3      | Killed Robin
  4954 | D:3      | Found an ornate altar of the Wu Jian Council.
  5501 | D:3      | Found a basalt altar of Yredelemnul.
  6077 | D:4      | Reached skill level 4 in Dodging
  6298 | D:4      | Noticed a necrophage
  6351 | D:4      | Killed a necrophage
  6352 | D:4      | Reached XP level 6. HP: 44/46 MP: 0/0
  6639 | D:4      | Noticed a necrophage
  6643 | D:4      | Killed a necrophage
  6747 | D:4      | Found a sparkling altar of Nemelex Xobeh.
  6824 | D:4      | Found a runed translucent door.
  6825 | D:4      | Noticed Crazy Yiuf
  6830 | D:4      | Killed Crazy Yiuf
  6831 | D:4      | Reached XP level 7. HP: 45/51 MP: 0/0
  6831 | D:4      | Learned a level 3 spell: Tukima's Dance
  6887 | D:5      | Entered Level 5 of the Dungeon
  6900 | D:5      | Reached skill level 5 in Dodging
  7351 | D:5      | Noticed Blork the orc
  7355 | D:5      | Killed Blork the orc
  7586 | D:5      | Reached skill level 5 in Spellcasting
  7586 | D:5      | Reached XP level 8. HP: 30/58 MP: 0/0
  7855 | D:5      | Reached skill level 5 in Fighting
  7855 | D:5      | Reached skill level 6 in Dodging
  7958 | D:5      | Found a staircase to the Ecumenical Temple.
  8066 | Temple   | Entered the Ecumenical Temple
  8098 | Temple   | Became a worshipper of Makhleb the Destroyer
  8790 | D:6      | Found a sacrificial altar of Ru.
  8898 | D:6      | Noticed Eustachio
  8903 | D:6      | Killed Eustachio
  9241 | D:6      | Noticed Dowan
  9243 | D:6      | Noticed Duvessa
  9297 | D:6      | Killed Duvessa
  9298 | D:6      | Reached skill level 7 in Dodging
  9407 | D:6      | Killed Dowan
  9736 | D:6      | Reached XP level 9. HP: 38/66 MP: 0/0
  9736 | D:6      | Learned a level 3 spell: Frozen Ramparts
 10177 | D:7      | Noticed Harold
 10204 | D:7      | Noticed Menkaure
 10208 | D:7      | Killed Menkaure
 10293 | D:7      | Killed Harold
 10294 | D:7      | Reached skill level 8 in Dodging
 10440 | D:7      | Reached * piety under Makhleb
 10681 | D:7      | Noticed Maggie
 10696 | D:7      | Killed Maggie
 11053 | D:8      | Noticed Maurice
 11109 | D:8      | Killed Maurice
 11110 | D:8      | Reached skill level 9 in Dodging
 11110 | D:8      | Reached XP level 10. HP: 43/76 MP: 0/0
 11185 | D:8      | Found a staircase to the Lair.
 11304 | D:8      | Noticed Psyche
 11311 | D:8      | Killed Psyche
 11327 | D:8      | Noticed a two-headed ogre
 11392 | D:8      | Killed a two-headed ogre
 11393 | D:8      | Reached skill level 10 in Dodging
 11407 | D:8      | Reached ** piety under Makhleb
 11438 | D:8      | HP: 3/78 [yak (12)]
 11669 | D:8      | Found a white marble altar of Elyvilon.
 12411 | D:9      | Reached XP level 11. HP: 84/84 MP: 0/0
 12411 | D:9      | Learned a level 5 spell: Metabolic Englaciation
 13003 | D:10     | Entered Level 10 of the Dungeon
 13066 | Lair:1   | Entered Level 1 of the Lair of Beasts
 13124 | Lair:1   | Noticed a six-headed hydra
 13134 | Lair:1   | Killed a six-headed hydra
 13135 | Lair:1   | Reached skill level 11 in Dodging
 13141 | Lair:1   | Reached skill level 10 in Fighting
 13964 | Lair:2   | Found a transporter.
 14099 | Lair:2   | Reached *** piety under Makhleb
 14156 | Lair:2   | Noticed a five-headed hydra
 14162 | Lair:2   | Killed a five-headed hydra
 14283 | Lair:2   | Found a staircase to the Shoals.
 14350 | Lair:2   | Reached XP level 12. HP: 93/93 MP: 0/0
 14362 | Lair:2   | Reached skill level 12 in Dodging
 14558 | Lair:2   | Noticed a four-headed hydra
 14567 | Lair:2   | Killed a four-headed hydra
 14622 | Lair:2   | Found a transporter.
 15139 | Lair:3   | Reached skill level 10 in Spellcasting
 15189 | Lair:3   | Noticed Nergalle
 15211 | Lair:3   | Killed Nergalle
 15393 | Lair:3   | Noticed an eight-headed hydra
 15517 | Lair:3   | Found a hole to the Spider Nest.
 15743 | Lair:3   | Killed an eight-headed hydra
 15744 | Lair:3   | Reached skill level 13 in Dodging
 16394 | Lair:4   | Noticed a five-headed hydra
 16403 | Lair:4   | Killed a five-headed hydra
 16404 | Lair:4   | Reached XP level 13. HP: 89/101 MP: 0/0
 16404 | Lair:4   | Learned a level 5 spell: Agony
 16757 | Lair:4   | Reached **** piety under Makhleb
 17874 | Lair:5   | Reached skill level 14 in Dodging
 17914 | Lair:5   | Found the -2 hat of the Alchemist {rElec rPois rF+ rC+ rN+
                  | Will+ rMut rCorr}
 18457 | Lair:6   | Entered Level 6 of the Lair of Beasts
 18577 | Lair:6   | HP: 2/103 [komodo dragon (28)]
 18744 | Lair:6   | Found a sacrificial altar of Ru.
 18752 | Lair:6   | Reached ***** piety under Makhleb
 18885 | Lair:6   | Reached XP level 14. HP: 110/110 MP: 0/0
 19210 | Lair:6   | Reached skill level 15 in Dodging
 19566 | Lair:6   | Found a viscous altar of Jiyva.
 19566 | Lair:6   | Found a staircase to the Slime Pits.
 20686 | D:10     | Noticed Grum
 20687 | D:10     | Killed Grum
 20700 | D:10     | Found a staircase to the Orcish Mines.
 21100 | Orc:1    | Entered Level 1 of the Orcish Mines
 21507 | Orc:2    | Entered Level 2 of the Orcish Mines
 21517 | Orc:2    | Reached ****** piety under Makhleb
 21567 | Orc:2    | Found a staircase to the Elven Halls.
 21776 | Orc:2    | Reached XP level 15. HP: 118/118 MP: 0/0
 21776 | Orc:2    | Learned a level 6 spell: Simulacrum
 22095 | Orc:2    | Noticed Erolcha
 22399 | Orc:2    | Reached skill level 16 in Dodging
 22439 | Orc:2    | Found Onuashev's Magic Scroll Boutique.
 22439 | Orc:2    | Found Yreat's Antique Armour Emporium.
 22441 | Orc:2    | Found Niseiti's Antique Weapon Boutique.
 22441 | Orc:2    | Found Dittem's Distillery.
 22458 | Orc:2    | Bought a scroll of teleportation for 36 gold pieces
 22458 | Orc:2    | Bought a scroll of teleportation for 36 gold pieces
 22458 | Orc:2    | Bought a scroll of teleportation for 36 gold pieces
 22458 | Orc:2    | Bought a scroll of magic mapping for 42 gold pieces
 22461 | Orc:2    | Bought a potion of curing for 39 gold pieces
 22461 | Orc:2    | Bought a potion of curing for 39 gold pieces
 22461 | Orc:2    | Bought a potion of curing for 39 gold pieces
 22461 | Orc:2    | Bought a potion of resistance for 130 gold pieces
 22461 | Orc:2    | Bought a potion of resistance for 130 gold pieces
 22463 | Orc:2    | Bought a pair of embroidered gloves for 247 gold pieces
 22463 | Orc:2    | Bought a pair of runed gloves for 247 gold pieces
 22463 | Orc:2    | Bought a runed tower shield for 247 gold pieces
 22463 | Orc:2    | Bought a distressingly furry robe for 188 gold pieces
 22463 | Orc:2    | Identified the +2 robe of Free Will {rPois rF+ Int+4} (You
                  | bought it in a shop on level 2 of the Orcish Mines)
 22521 | Orc:2    | Bought a scroll of identify for 24 gold pieces
 22521 | Orc:2    | Bought a scroll of identify for 24 gold pieces
 22615 | Orc:2    | Killed Erolcha
 22886 | Spider:1 | Entered Level 1 of the Spider Nest
 22987 | Spider:1 | Reached skill level 15 in Fighting
 23485 | Spider:2 | Noticed Arachne
 24352 | Spider:2 | Killed Arachne
 24413 | Spider:2 | Reached XP level 16. HP: 83/126 MP: 0/0
 24495 | Spider:2 | Reached skill level 17 in Dodging
 24859 | Spider:3 | HP: 6/127 [spectral wolf spider (10)]
 24859 | Spider:3 | Mangled by a wolf spider

Illustrated notes

Levels and vault maps discovered:
D:1:      dpeg_arrival_oval, layout_basic, minmay_tetromino_l2
D:2:      layout_basic, basic_altar, minmay_misc_feat_chi
D:3:      layout_basic, lemuel_tele_altar, yredelemnul_forgotten_temple_becter,
          uniq_robin
D:4:      layout_basic, nemelex_diamond_rough_becter, uniq_crazy_yiuf_cottage
D:5:      layout_loops_ring, minmay_temple_entry_antechambers,
          minmay_statues_item, uniq_blork_the_orc
D:6:      layout_loops_cross, nicolae_ru_great_annihilating_truth,
          grunt_ministairs_15, uniq_duvessa, uniq_eustachio
D:7:      layout_loops_cross, kennysheep_little_box, uniq_harold, uniq_maggie,
          uniq_menkaure
D:8:      layout_rooms, gammafunk_temple_overflow_statue, lair_entry_dummy,
          minmay_increasing_density, uniq_maurice, uniq_psyche
D:9:      layout_basic
D:10:     layout_long_grid, orc_0_dummy, nrook_mini_vaults, uniq_grum
Temple:   regret_index_temple_waves
Lair:1:   layout_loops_ring, chequers_serial_rivers_room_b,
          infiniplex_staircase_pool_2
Lair:2:   gammafunk_cloud_chamber, layout_concentric_octagons,
          minmay_shoals_entry_hut
Lair:3:   layout_cave_pods, spider_nest_entry_a, uniq_nergalle
Lair:4:   layout_layer_cave, lightli_volcano_entry_magma_tube,
          beast_lair_carwin_3, grunt_megastairs_5
Lair:5:   layout_loops_ring, kennysheep_catoblepas_arena
Lair:6:   gammafunk_lair_ancient_temple, layout_cave_pods,
          dpeg_slime_entry_enclosed_altar, lemuel_centaur_altar
Spider:1: layout_spider_delve
Spider:2: layout_chambers, uniq_arachne
Spider:3: layout_chambers, nicolae_spider_undead_wolf_pack, uniq_asterion,
          uniq_azrael, uniq_donald, uniq_bai_suzhen
Orc:1:    layout_caves
Orc:2:    grunt_orc_tribal_feast, layout_diamond_mine, uniq_erolcha

Skill      XL: |  1  2  3  4  5  6  7  8  9 10 11 12 13 14 15 16 |
---------------+-------------------------------------------------+-----
Fighting       | 1 2 3 4 6 8 9 10 12 13 14 15 | 15.6
Spellcasting   | 3 4 5 6 7 8 9 10 11 12 13 | 13.8
Dodging        | 3 4 5 7 9 10 11 13 14 15 16 17 | 17.0
Stealth        | |  1.5

Action                   |  1- 3 |  4- 6 |  7- 9 | 10-12 | 13-15 | 16-18 || total
-------------------------+-------+-------+-------+-------+-------+-------++-------
Melee: Unarmed           |    11 |       |       |     3 |       |       ||    14
       Dagger            |       |       |    24 |    68 |     4 |       ||    96
 Cast: Sandblast         |    23 |    23 |    15 |     5 |     9 |       ||    75
       Stone Arrow       |    25 |    69 |   106 |   292 |   548 |    25 ||  1065
       Lee's Rapid Decon |       |       |    12 |    29 |   228 |     7 ||   276
       Tukima's Dance    |       |       |     4 |     2 |     3 |       ||     9
       Petrify           |       |       |       |     4 |    33 |     2 ||    39
Evoke: Wand              |       |       |     8 |     1 |     2 |       ||    11
  Use: Potion            |       |       |       |       |     3 |       ||     3
       Scroll            |       |       |       |       |    20 |       ||    20
 Stab: Sleeping          |     1 |       |     3 |       |       |       ||     4
Armor: Robe              |     9 |     3 |    19 |     6 |    23 |     6 ||    66
       Acid dragon scale |       |       |       |    52 |    84 |       ||   136
Dodge: Dodged            |    35 |    15 |    76 |   231 |   637 |    64 ||  1058

Table legend: (Time is in decaauts)
 A = Elapsed time spent in this place.
 B = Non-inter-level travel time spent in this place.
 C = Inter-level travel time spent in this place.
 D = Time resting spent in this place.
 E = Time spent auto-exploring this place.
 F = Levels seen in this place.
 G = Mean time per level.
                   A        B        C        D        E       F      G
               +--------+--------+--------+--------+--------+-----+--------+
         Total |  24890 |  23227 |   1663 |    399 |  18760 |  22 | 1131.4 |
       Dungeon |  13970 |  13299 |    671 |    129 |  11651 |  10 | 1397.0 |
        Temple |     53 |     33 |     20 |      0 |     26 |   1 |   53.0 |
          Lair |   7346 |   6646 |    700 |    160 |   5043 |   6 | 1224.3 |
   Spider Nest |   1929 |   1821 |    108 |     60 |   1160 |   3 |  643.0 |
  Orcish Mines |   1590 |   1426 |    164 |     50 |    880 |   2 |  795.0 |
               +--------+--------+--------+--------+--------+-----+--------+

Top non-repeatable levels by time:
     D:1: 2122 daAuts
     D:3: 2094 daAuts
     D:6: 1715 daAuts
     D:2: 1590 daAuts
  Lair:4: 1532 daAuts
  Lair:2: 1422 daAuts
     D:5: 1370 daAuts
  Lair:6: 1365 daAuts
  Lair:3: 1195 daAuts
     D:9: 1149 daAuts
     D:4: 1136 daAuts
     D:7: 1128 daAuts
Spider:2: 1031 daAuts
   Orc:2: 991 daAuts
  Lair:1: 924 daAuts
